 Dungeon Crawl Stone Soup version 0.29.1-12-g30fa7ad0bf (webtiles) character file.

Game seed: 7372159052775069265

687 croobank the Digger (level 7, -6/43 HPs)
             Began as a Gargoyle Earth Elementalist on Dec 26, 2022.
             Mangled by Prince Ribbit (15 damage)
             ... on level 5 of the Dungeon.
             The game lasted 00:14:59 (5366 turns).

croobank the Digger (Gargoyle Earth Elementalist)   Turns: 5366, Time: 00:15:00

Health: -6/43      AC: 10    Str: 11    XL:     7   Next: 62%
Magic:  21/21      EV: 12    Int: 18    God:
Gold:   113        SH:  0    Dex: 10    Spells: 6/12 levels left

rFire   . . .      SeeInvis .   j - +2 short sword (venom)
rCold   . . .      Faith    .   (no shield)
rNeg    + . .      Spirit   .   a - +0 robe
rPois   ∞          Reflect  .   l - +0 helmet
rElec   +          Harm     .   y - +2 cloak
rCorr   .          Rampage  .   (no gloves)
Will    .....                   (no boots)
Stlth   ++........              (no amulet)
HPRegen 0.14/turn               f - ring of magical power
MPRegen 0.17/turn               (no ring)

@: no status effects
A: sickness immunity, AC +4, negative energy resistance 1, electricity
resistance, torment resistance 1, petrification resistance
a: no special abilities


You were on level 5 of the Dungeon.
You visited 1 branch of the dungeon, and saw 5 of its levels.

You collected 191 gold pieces.
You spent 78 gold pieces at shops.

Inventory:

Hand Weapons
 c - a +1 dagger of speed
 g - a +2 whip of electrocution
 j - a +2 short sword of venom (weapon)
 q - a +0 hand axe of electrocution
 C - a +2 flail of holy wrath
 E - a +2 dagger of venom
Missiles
 m - 6 poisoned darts (quivered)
Armour
 a - a +0 robe (worn)
 l - a +0 helmet (worn)
 y - a +2 cloak (worn)
Jewellery
 f - a ring of magical power (left hand)
 h - a +4 ring of evasion
Wands
 A - a wand of digging (5)
Scrolls
 d - 2 scrolls of identify
 p - a scroll of poison {unknown}
 r - a scroll of silence {unknown}
 s - a scroll of vulnerability {unknown}
 t - a scroll of noise {unknown}
 z - a scroll of amnesia {unknown}
Potions
 b - a potion of magic
 e - 4 potions of curing
 i - 2 potions of flight
 k - 2 potions of lignification
 n - a potion of invisibility
 o - a potion of berserk rage {unknown}
 u - 2 potions of brilliance {unknown}
 v - a potion of mutation {unknown}
 x - a potion of degeneration {unknown}
 B - a potion of heal wounds {unknown}
 D - 2 potions of attraction


   Skills:
 * Level 4.1 Fighting
 + Level 3.0 Dodging
 + Level 4.2 Stealth
 + Level 3.4 Spellcasting
 + Level 2.5 Transmutations
 + Level 5.1 Earth Magic


You had 6 spell levels left.
You knew the following spells:

 Your Spells              Type           Power      Damage    Failure   Level
a - Sandblast             Erth           42%        2d11      1%          1
b - Passwall              Tmut/Erth      14%        N/A       4%          2
c - Stone Arrow           Conj/Erth      24%        3d8       16%         3

Your spell library contained the following spells:

 Spells                   Type           Power      Damage    Failure   Level
 Petrify                  Tmut/Erth      17%        N/A       32%         4
 Inner Flame              Hex/Fire       3%         N/A       43%         3
 Cause Fear               Hex            1%         N/A       83%         4
 Passage of Golubria      Tloc           3%         N/A       83%         4
 Silence                  Hex/Air        1%         N/A       99%         5
 Discord                  Hex            1%         N/A       100%        8
 Lehudib's Crystal Spear  Conj/Erth      6%         10d3      100%        8


Dungeon Overview and Level Annotations

Branches:
Dungeon (5/15)
 Temple: D:4-7

Altars:
Fedhas
Kikubaaqudgha
Nemelex Xobeh

Shops:
D:4 !

Annotations:
D:1 2 runed translucent doors
D:3 Sigmund
D:5 Prince Ribbit


Innate Abilities, Weirdness & Mutations

You are immune to sickness and miasma.
Your stone body is resilient. (AC +4)
You are immune to poison.
You resist negative energy. (rN+)
You are resistant to electric shocks. (rElec)
You are resistant to unholy torment.
You are immune to petrification.


Message History

Casting: Sandblast (safe; 1% risk of failure)
Confirm with . or Enter, or press ? or * to list all spells.
Aiming: Sandblast (safe; 1% risk of failure)
Press: ? - help, Shift-Dir - straight line, f - gnoll
Aim: a gnoll, wielding a +0 spear (85% to hit)
The blast of sand hits the gnoll!
You kill the gnoll!
Prince Ribbit blinks!
You see here a throwing net.
w - a throwing net Throw: throwing net
Press: ? - help, Q - select action, (/) - cycle Shift-Dir - straight line, f - Prince Ribbit
Aim: Prince Ribbit (34% to hit)
You throw a throwing net. The throwing net hits Prince Ribbit.
Prince Ribbit is caught in the net!
Prince Ribbit struggles against the net. x2
Prince Ribbit struggles against the net.
The net rips apart, and Prince Ribbit comes free!
Prince Ribbit hits you but does no damage.
You hit Prince Ribbit.
Prince Ribbit is lightly wounded.
Prince Ribbit hits you but does no damage.
Prince Ribbit hits you.
You hit Prince Ribbit.
Prince Ribbit is lightly wounded.
Prince Ribbit closely misses you.
You miss Prince Ribbit.
Prince Ribbit is lightly wounded.
Prince Ribbit barely misses you. Prince Ribbit hits you.
You barely miss Prince Ribbit.
Prince Ribbit is lightly wounded.
Prince Ribbit hits you! x2
You barely miss Prince Ribbit.
Prince Ribbit is lightly wounded.
Prince Ribbit hits you!
* * * LOW HITPOINT WARNING * * *
You barely miss Prince Ribbit.
Prince Ribbit is lightly wounded.
Prince Ribbit hits you!
You die...

...?.♣♣......g.#...
.....l...#......!..
.......#......[.F..
#####..###<........
#..# #(§.......
#...##......... ##
#####.....##..####
#.##.<...)##....##
#...@F........#.#
####....#.###.#.#
#....#.# #....
#....#. ....
####### .... ....


You could see Prince Ribbit.

Vanquished Creatures
  A water moccasin (D:4)
  A black bear (D:4)
  A gnoll sergeant (D:5)
  A hound (D:4)
  A jelly (D:4)
  An orc priest (D:4)
  2 iguanas (D:4)
  4 orc wizards (D:4)
  2 gnolls
  8 adders
  A white imp (D:4)
  An ufetubus (D:4)
  2 dart slugs
  11 orcs
  10 endoplasms
  6 goblins
  4 hobgoblins
  4 jackals
  9 kobolds
  4 quokkas
  5 ball pythons
  5 bats
  5 frilled lizards
  5 rats
94 creatures vanquished.

Vanquished Creatures (others)
  4 plants (D:1)
4 creatures vanquished.

Grand Total: 98 creatures vanquished

Notes
Turn   | Place    | Note
-------+----------+-------------------------------------------
     0 | D:1      | croobank the Gargoyle Earth Elementalist began the quest
                  | for the Orb.
     0 | D:1      | Reached XP level 1. HP: 10/10 MP: 3/3
    59 | D:1      | Found a large runed translucent door.
    59 | D:1      | Found a large runed translucent door.
   184 | D:1      | Reached skill level 1 in Transmutations
   184 | D:1      | Reached XP level 2. HP: 15/15 MP: 3/5
   187 | D:1      | Learned a level 2 spell: Passwall
   655 | D:1      | Reached XP level 3. HP: 19/19 MP: 6/6
  1170 | D:2      | Reached skill level 4 in Earth Magic
  1724 | D:2      | Reached XP level 4. HP: 24/24 MP: 7/7
  1985 | D:3      | Found a faded altar of an unknown god.
  1986 | D:3      | Noticed a golden eye
  1987 | D:3      | Noticed Sigmund
  1988 | D:3      | Noticed a shining eye
  1988 | D:3      | Noticed a golden eye
  1988 | D:3      | Noticed a golden eye
  1997 | D:3      | Reached skill level 1 in Fighting
  2269 | D:4      | Found an ancient bone altar of Kikubaaqudgha.
  2269 | D:4      | Found a blossoming altar of Fedhas.
  2482 | D:4      | Reached XP level 5. HP: 18/29 MP: 8/8
  2730 | D:4      | Found Zuhecw's Distillery.
  2959 | D:4      | Found a sparkling altar of Nemelex Xobeh.
  3013 | D:4      | Reached XP level 6. HP: 17/36 MP: 10/10
  3593 | D:4      | Bought 2 potions of attraction for 78 gold pieces
  3804 | D:5      | Entered Level 5 of the Dungeon
  3817 | D:5      | Noticed a water moccasin
  3830 | D:4      | Killed a water moccasin
  3974 | D:5      | Noticed a black bear
  3990 | D:4      | Reached XP level 7. HP: 29/41 MP: 11/11
  4162 | D:5      | Noticed Prince Ribbit
  4572 | D:4      | Reached skill level 5 in Earth Magic
  5118 | D:4      | Learned a level 3 spell: Stone Arrow
  5366 | D:5      | Mangled by Prince Ribbit

Illustrated notes

Levels and vault maps discovered:
D:1:      erik_arrival_cave_to_civilisation [erik_arrival_cave_to_temple],
          layout_basic, nrook_campfire, nrook_mini_vaults,
          lexackson_kobold_supper
D:2:      layout_basic, chequers_serial_rivers_micro_d
D:3:      layout_basic, hellmonk_ecumenical_altar_watching_god, uniq_sigmund
D:4:      layout_loops_corners, nemelex_diamond_rough_becter,
          grunt_temple_overflow_growth_and_decay, serial_shops,
          nicolae_shop_stone
D:5:      layout_rooms, nzn_wu_jian_contemplation,
          gammafunk_ghost_abyssal_escape, serial_park_tiny_2,
          chequers_serial_rivers_room_b, st_stairs_4, uniq_prince_ribbit1

Skill      XL: |  1  2  3  4  5  6  7 |
---------------+----------------------+-----
Transmutations | 1 2 |  2.5
Dodging        | 2 3 |  3.0
Earth Magic    | 4 5 |  5.1
Fighting       | 1 2 3 4 |  4.1
Stealth        | 3 4 |  4.2
Spellcasting   | 3 |  3.4

Action                   |  1- 3 |  4- 6 |  7- 9 || total
-------------------------+-------+-------+-------++-------
Melee: Dagger            |     3 |       |       ||     3
       Short sword       |    12 |    86 |    37 ||   135
       Whip              |    11 |       |       ||    11
       Punch             |       |       |     2 ||     2
Throw: Throwing net      |       |       |     1 ||     1
 Cast: Sandblast         |    42 |    41 |    18 ||   101
  Use: Scroll            |     2 |     2 |     1 ||     5
       Potion            |       |     1 |       ||     1
 Stab: Sleeping          |     2 |    11 |       ||    13
       Invisible         |       |     2 |       ||     2
       Distracted        |       |     1 |       ||     1
Armor: Robe              |    19 |    61 |    39 ||   119
Dodge: Dodged            |    39 |    70 |    41 ||   150
